 Dungeon Crawl Stone Soup version 0.30.0-19-g36f170ea60 (webtiles) character file.

Game seed: 5751543117304678710

56 RascalDebosk the Magician (level 4, 0/33 HPs)
             Began as a Djinni Warper on May 31, 2023.
             Slain by an orc
             ... wielding a +0 flail
              (2 damage)
             ... on level 3 of the Dungeon.
             The game lasted 00:13:10 (1834 turns).

RascalDebosk the Magician (Djinni Warper)           Turns: 1834, Time: 00:13:10

Health: 0/33       AC:  3    Str: 10    XL:     4   Next: 15%
Gold:   130        EV: 11    Int: 16    God:
                   SH:  0    Dex: 13

rFire   + + .        a - +0 falchion
rCold   x . .        (no shield)
rNeg    . . .        b - +0 leather armour
rPois   ∞            (no helmet)
rElec   .            (no cloak)
rCorr   .            (no gloves)
SInv    .            (boots unavailable)
Will    .....        m - amulet of regeneration
Stlth   +            (no ring)
HPRegen 1.05/turn    (no ring)
MPRegen 0.00/turn

%: infuse magic (-1 HP)
@: flying, very slightly contaminated
A: sickness immunity, fire resistance 2, cold vulnerability 1, float, innate
caster, HP casting, extra vitality 1
a: no special abilities


You were on level 3 of the Dungeon.
You visited 1 branch of the dungeon, and saw 3 of its levels.

You collected 130 gold pieces.

Inventory:

Hand Weapons
 a - a +0 falchion (weapon)
Missiles
 d - 5 boomerangs of dispersal (quivered)
Armour
 b - a +0 leather armour (worn)
Jewellery
 m - an amulet of regeneration (around neck)
Wands
 k - a wand of paralysis (15)
Scrolls
 c - a scroll of amnesia {unknown}
 g - a scroll of blinking
 h - a scroll of vulnerability {unknown}
 i - a scroll of teleportation {unknown}
 j - 2 scrolls of identify {unknown}
 n - a scroll of silence {unknown}
 p - 3 scrolls of immolation {unknown}
Potions
 e - 3 potions of flight {unknown}
 f - a potion of mutation {unknown}
 l - a potion of heal wounds {unknown}
 o - a potion of resistance {unknown}


   Skills:
 - Level 2.0 Fighting
 - Level 1.7 Long Blades
 - Level 0.7 Throwing
 - Level 1.0 Armour
 - Level 2.1 Dodging
 * Level 3.7 Spellcasting


You knew the following spells:

 Your Spells              Type           Power      Damage    Failure   Level
a - Blink                 Tloc           28%        N/A       8%          2
b - Lesser Beckoning      Tloc           28%        N/A       8%          2
c - Vhi's Electric Charg  Tloc/Air       28%        N/A       16%         3
d - Teleport Other        Tloc           14%        N/A       16%         3
e - Manifold Assault      Tloc           14%        N/A       45%         4
f - Beastly Appendage     Tmut           28%        N/A       5%          1
Your spell library was empty.

Dungeon Overview and Level Annotations

Branches:
Dungeon (3/15)

Altars:


Innate Abilities, Weirdness & Mutations

You are immune to sickness and miasma.
You are immune to poison.
Your flesh is very heat resistant. (rF++)
You are vulnerable to cold. (rC-)
You float through the air rather than walking.
You learn spells naturally, not from books.
Your magical power is your life essence.
You have superior vitality. (+4 MHP)


Message History

You see here a +0 dagger.
o - a green potion As you open the door, it creaks loudly!
There is an open door here.
You see here a staff of earth.
p - 3 scrolls labelled KUWNATH SAIT You reach down and open the door.
There is an open door here.
You see here 6 stones.
There is an open door here.
You see here a ball python skeleton.
Done exploring.
There is a stone staircase leading down here.
You fly downwards.
The orc wizard shouts!
The orc shouts! x2; You hear a shout! x2
Found a stone staircase leading down.
There is a stone staircase leading up here.
Casting: Vhi's Electric Charge (quite dangerous; 16% risk of failure)
Confirm with . or Enter, or press ? or * to list all spells.
The spell is astonishingly dangerous to miscast (45% risk of failure)!
Continue anyway?
You miscast Manifold Assault.
You are very lightly contaminated with residual magic.
You spin around.
You are magically locked in place.
An orc comes into view. It is wielding a +0 mace of holy wrath.
Casting: Manifold Assault (astonishingly dangerous; 45% risk of failure)
Confirm with . or Enter, or press ? or * to list all spells.
The spell is astonishingly dangerous to miscast (45% risk of failure)!
Continue anyway?
Space momentarily warps into an impossible shape!
You completely miss the orc.
The orc shouts!
You hit the orc.
An orc priest comes into view. It is wielding a +0 flail.
Casting: Manifold Assault (astonishingly dangerous; 45% risk of failure)
Confirm with . or Enter, or press ? or * to list all spells.
The spell is astonishingly dangerous to miscast (45% risk of failure)!
Continue anyway?
Space momentarily warps into an impossible shape!
You barely miss the orc. You barely miss the orc priest.
Throw: 7 boomerangs (disperse)
Press: ? - help, Q - select action, (/) - cycle Shift-Dir - straight line, f - orc priest
Aim: an orc priest, wielding a +0 flail (57% to hit)
You throw a boomerang of dispersal.
The boomerang of dispersal barely misses the orc priest.
You are no longer locked in place.
Throw: 6 boomerangs (disperse)
Press: ? - help, Q - select action, (/) - cycle Shift-Dir - straight line, f/p - orc priest
Aim: an orc priest, wielding a +0 flail (57% to hit)
You throw a boomerang of dispersal.
The boomerang of dispersal closely misses the orc priest.
A goblin comes into view. It is wielding a +1 dagger of draining.
Casting: Manifold Assault (astonishingly dangerous; 45% risk of failure)
Confirm with . or Enter, or press ? or * to list all spells.
The spell is astonishingly dangerous to miscast (45% risk of failure)!
Continue anyway?
You miscast Manifold Assault.
You are caught in a field of spatial distortion.
You are magically locked in place.
You cannot move.
Unknown command.
You closely miss the orc wizard.
The orc priest calls upon Beogh to heal the orc.
The orc's wounds heal themselves!
The orc wizard hits you with a +0 dagger.
You hit the orc wizard.
The orc wizard is lightly wounded.
You hit the orc wizard.
The orc wizard is lightly wounded.
The orc priest looks satisfied for a moment.
The orc wizard hits you but does no damage.
You closely miss the orc wizard.
The orc wizard is lightly wounded.
The orc misses you.
The orc wizard hits you with a +0 dagger.
The orc priest hits you with a +0 flail.
The orc priest barely misses you. The orc barely misses you.
The orc wizard hits you but does no damage.
You barely miss the orc wizard.
The orc wizard is lightly wounded.
You are no longer locked in place.
The orc barely misses you.
The orc wizard hits you with a +0 dagger.
The orc priest barely misses you.
You barely miss the orc wizard. The orc hits you with a +0 flail.
The orc wizard casts a spell at you. The puff of flame hits you. You resist.
The orc priest hits you but does no damage.
You hit the orc wizard.
The orc wizard is moderately wounded.
The orc priest closely misses you. The orc hits you with a +0 flail.
The orc wizard gestures at you while chanting.
You resist with some effort.
You closely miss the orc wizard.
The orc wizard is moderately wounded.
The orc hits you with a +0 flail!
* * * LOW HITPOINT WARNING * * *
The orc wizard hits you but does no damage.
The orc priest hits you with a +0 flail!
* * * LOW HITPOINT WARNING * * *
The orc wizard hits you with a +0 dagger.
* * * LOW HITPOINT WARNING * * *
The orc priest closely misses you. The orc hits you with a +0 flail.
You die...

## #.#####
########o......
.......@oo.....
########og.....
o...... .......
....... .......
###.... #.>.


You could see an orc priest, an orc wizard, 3 orcs and a goblin.

Vanquished Creatures
  2 adders (D:2)
  A worm (D:2)
  8 ball pythons
  2 endoplasms
  3 goblins
  4 hobgoblins
  A quokka (D:1)
  A bat (D:1)
  3 frilled lizards (D:1)
  6 kobolds
  4 rats (D:1)
35 creatures vanquished.

Notes
Turn   | Place    | Note
-------+----------+-------------------------------------------
     0 | D:1      | RascalDebosk the Djinni Warper began the quest for the Orb.
     0 | D:1      | RascalDebosk set off with the following spells memorised:
                  | Blink, Lesser Beckoning, Vhi's Electric Charge, Teleport
                  | Other, Manifold Assault.
     0 | D:1      | Reached XP level 1. HP: 18/18 MP: 0/0
   189 | D:1      | Reached XP level 2. HP: 13/23 MP: 0/0
   294 | D:1      | Reached skill level 3 in Spellcasting
   625 | D:1      | Reached XP level 3. HP: 14/28 MP: 0/0
   625 | D:1      | Learned a level 1 spell: Beastly Appendage
  1230 | D:2      | Reached XP level 4. HP: 29/33 MP: 0/0
  1834 | D:3      | Slain by an orc

Illustrated notes

Levels and vault maps discovered:
D:1:      minmay_arrival_glassed_features, layout_basic, serial_bayou,
          serial_bayou_lake_a, serial_bayou_shore_a, serial_bayou_lagoon_a,
          serial_bayou_ford_a, serial_bayou_crossing, serial_bayou_pond_b,
          minmay_misc_feat_tiny
D:2:      layout_basic
D:3:      layout_rooms, pdpol_temple_overflow_zin_treasury_gozag_greed

Skill      XL: |  1  2 |
---------------+-------+-----
Spellcasting   | 3 |  3.7
Fighting       | |  2.0
Long Blades    | |  1.7
Throwing       | |  0.7
Armour         | |  1.0
Dodging        | |  2.1

Action                     |  1- 3 |  4- 6 || total
---------------------------+-------+-------++-------
  Melee: Falchion          |   129 |    36 ||   165
         Punch             |     2 |       ||     2
  Throw: Boomerang         |       |     2 ||     2
   Cast: Vhi's Electric Ch |       |     3 ||     3
         Manifold Assault  |       |     2 ||     2
   Stab: Sleeping          |     1 |       ||     1
 Armour: Leather armour    |    38 |    11 ||    49
  Dodge: Dodged            |    93 |    23 ||   116
